 Dungeon Crawl Stone Soup version 0.24-a0-373-g39439d866b (webtiles) character file.

Game seed: 12908668735798415912

15693 vurker the Severer (level 12, -7/116 HPs)
             Began as a Deep Dwarf Fighter on May 30, 2019.
             Was a Priest of Makhleb.
             Mangled by an eight-headed hydra (9 damage)
             ... on level 2 of the Lair of Beasts.
             The game lasted 00:49:29 (11444 turns).

vurker the Severer (Deep Dwarf Fighter)            Turns: 11444, Time: 00:49:30

Health: -7/116     AC: 17    Str: 24    XL:     12   Next: 3%
Magic:  6/6        EV:  9    Int: 10    God:    Makhleb [***...]
Gold:   619        SH: 11    Dex: 12    Spells: 11/11 levels left

rFire    + . .     SeeInvis +   a - +1 war axe
rCold    . . .     Gourm    .   c - +1 shield
rNeg     + + .     Faith    .   B - +0 plate armour
rPois    .         Spirit   .   r - +0 helmet
rElec    .         Reflect  .   E - +0 cloak
rCorr    .         Harm     .   w - +0 pair of gloves
MR       +....                  (no boots)
Stlth    ..........             A - amulet of the acrobat
HPRegen  0.00/turn              d - ring "Gidwir" {Wiz rF+ rN++ SInv}
MPRegen  0.10/turn              y - +4 ring of evasion

@: non-regenerating
A: damage resistance, heal wounds, sense surroundings 2, no regeneration
a: Heal Wounds, Minor Destruction, Lesser Servant of Makhleb, Renounce Religion


You were on level 2 of the Lair of Beasts.
You worshipped Makhleb.
Makhleb was most pleased with you.
You were not hungry.

You visited 3 branches of the dungeon, and saw 15 of its levels.

You collected 619 gold pieces.

Inventory:

Hand Weapons
 a - a +1 war axe (weapon)
 b - a +0 spear of flaming
   (You found it on level 8 of the Dungeon)
Armour
 c - a +1 shield (worn)
 r - a +0 helmet (worn)
   (You took it off Robin on level 4 of the Dungeon)
 w - a +0 pair of gloves (worn)
   (You found it on level 9 of the Dungeon)
 B - a +0 plate armour (worn)
   (You found it on level 7 of the Dungeon)
 E - a +0 cloak (worn)
   (You found it on level 8 of the Dungeon)
Jewellery
 d - the ring "Gidwir" (left hand) {Wiz rF+ rN++ SInv}
   (You found it on level 4 of the Dungeon)

   [ring of wizardry]

   It improves your spell success rate.
   It protects you from fire.
   It greatly protects you from negative energy.
   It lets you see invisible.
 f - an uncursed ring of protection from magic {unknown}
   (You found it on level 3 of the Lair of Beasts)
 m - an uncursed ring of protection from magic {unknown}
   (You found it on level 3 of the Lair of Beasts)
 o - an uncursed amulet of harm {unknown}
   (You found it on level 9 of the Dungeon)
 y - a +4 ring of evasion (right hand)
   (You found it on level 10 of the Dungeon)
 A - an amulet of the acrobat (around neck)
   (You found it on level 7 of the Dungeon)
 F - an uncursed ring of ice
   (You found it on level 6 of the Dungeon)
Wands
 v - a wand of digging (19)
   (You took it off Ijyb on level 3 of the Dungeon)
 H - a wand of enslavement (8)
   (You found it on level 10 of the Dungeon)
Scrolls
 i - 6 scrolls of teleportation {@r4}
 j - 2 scrolls of fog
 k - 2 scrolls of enchant weapon
 t - 2 scrolls of enchant armour
Potions
 g - 2 potions of brilliance
 l - 2 potions of mutation {!q}
 n - 2 potions of ambrosia
 p - 3 potions of haste {@q3}
 q - 5 potions of heal wounds {@q2}
 s - 4 potions of curing {@q1}
 u - 2 potions of agility
 z - 2 potions of resistance {unknown}
 D - a potion of lignification {unknown}
 G - a potion of invisibility
 K - a potion of flight {unknown}
Comestibles
 e - 24 rations {!d}
 h - 6 chunks of flesh


   Skills:
 - Level 10.0 Fighting
 * Level 15.2 Axes
 + Level 6.9 Armour
 + Level 4.9 Shields
 + Level 4.6 Invocations
 + Level 4.8 Evocations


You had 11 spell levels left.
You didn't know any spells.
Your spell library contained the following spells:

 Spells                   Type           Power        Failure   Level  Hunger
 Sandblast                Erth           #.....       99%         1    ##.....
 Passwall                 Tmut/Erth      #.......     100%        2    ###....
 Stone Arrow              Conj/Erth      #.....       100%        3    ####...
 Petrify                  Tmut/Erth      #.......     100%        4    #####..
 Lee's Rapid Deconstruct  Erth           #.........   100%        5    ######.


Dungeon Overview and Level Annotations

Branches:
Dungeon (11/15)            Temple (1/1) D:6            Lair (3/6) D:9
 Spider (0/4) Lair:3
  Swamp: Lair:2-4    Shoals: Lair:2-4       Orc: D:9-12

Altars:
Ashenzari
Cheibriados
Dithmenos
Elyvilon
Fedhas
Gozag
Hepliaklqana
Kikubaaqudgha
Makhleb
Nemelex Xobeh
Okawaru
Qazlal
Ru
Sif Muna
Trog
Uskayaw
Vehumet
Wu Jian
Xom
Yredelemnul
Zin
The Shining One

Shops:
D:8 ?

Annotations:
D:3 1 runed translucent door, Crazy Yiuf
D:10 1 runed translucent door, exclusions: downstairs and upstairs, mhoghedin's ghost, novice DrIE
Lair:2 exclusion: oklob plant


Innate Abilities, Weirdness & Mutations

You are resistant to damage.
You can heal yourself by infusing magical energy.
You passively map the area around you.
You do not regenerate.


Message History

The eight-headed hydra bites you!
* * * LOW HITPOINT WARNING * * *
The eight-headed hydra barely misses you.
You climb upwards.
Level annotation: exclusion: oklob plant
There is a stone staircase leading down here.
Aim: an eight-headed hydra (chance to defeat MR: 26%)
The eight-headed hydra easily resists.
The jumping spider pounces on you but does no damage.
You block the jumping spider's attack. You block the redback's attack.
The jumping spider pounces on you.
* * * LOW HITPOINT WARNING * * *
The jumping spider bites you but does no damage.
The redback barely misses you.
You block the eight-headed hydra's attack. x2
The eight-headed hydra bites you!
* * * LOW HITPOINT WARNING * * *
The eight-headed hydra bites you.
* * * LOW HITPOINT WARNING * * *
The eight-headed hydra bites you but does no damage. x4
Aim: an eight-headed hydra (chance to defeat MR: 26%)
The eight-headed hydra easily resists.
The jumping spider leaps!
The redback bites you!
* * * LOW HITPOINT WARNING * * *
The eight-headed hydra bites you.
The eight-headed hydra barely misses you.
You block the eight-headed hydra's attack.
The eight-headed hydra closely misses you.
You block the eight-headed hydra's attack.
The eight-headed hydra closely misses you.
The eight-headed hydra bites you. x2
Aim: an eight-headed hydra (chance to defeat MR: 26%)
The eight-headed hydra easily resists.
The jumping spider closely misses you. You block the jumping spider's attack.
The redback bites you but does no damage.
You block the jumping spider's attack. The jumping spider barely misses you.
The redback bites you.
* * * LOW HITPOINT WARNING * * *
The eight-headed hydra bites you.
* * * LOW HITPOINT WARNING * * *
You block the eight-headed hydra's attack.
The eight-headed hydra bites you but does no damage.
The eight-headed hydra bites you!
* * * LOW HITPOINT WARNING * * *
The eight-headed hydra bites you!
* * * LOW HITPOINT WARNING * * *
The eight-headed hydra bites you.
* * * LOW HITPOINT WARNING * * *
The eight-headed hydra bites you!
You die...

#.#...# ##...### #.........#
##....## #...P####.........#
##.....## ##.................#
.......P###................).###
P#.....###...................#.##
###...#.##.P.....................
#..............................
###.............s................
##...##.##.....s@D...........##.#
##...#######....°....##..##..####
###...# #P..........#####..##
#.#..## #...#.###...# #...#
......# ##..####.#.######..##
...^..######...####...##.P...##
#.##.#..#.....#.# #P..........###
##.#..........### ##.............
####....#.###.# ##.............


You could see an eight-headed hydra, a jumping spider and a redback.

Vanquished Creatures
  Erolcha (D:9)
  A hydra (Lair:1)
  Erica (D:9)
  A torpor snail (Lair:3)
  2 spiny frogs
  A komodo dragon (Lair:3)
  A rime drake (Lair:3)
  2 trolls
  Grinder (D:3)
  A polar bear (Lair:3)
  Prince Ribbit (D:7)
  7 hippogriffs
  A wyvern (Lair:3)
  12 yaks
  3 hogs (D:7)
  A human (D:7)
  A basilisk (Lair:1)
  Grum (D:8)
  2 water moccasins
  4 porcupines
  6 orc warriors
  A sky beast (D:11)
  3 phantoms
  2 ice beasts
  An eye of draining (D:8)
  A black bear (D:7)
  2 wolves (D:8)
  8 ogres
  2 necrophages (D:8)
  5 centaurs
  3 crocodiles
  A big kobold (D:8)
  12 bullfrogs
  4 wyvern skeletons
  A scorpion (D:8)
  12 killer bees
  A wight (D:6)
  4 howler monkeys
  2 crimson imps
  8 orc priests
  6 hounds
  3 jellies
  14 orc wizards
  2 centaur skeletons
  Jessica (D:3)
  A bullfrog skeleton (D:5)
  An iguana (D:4)
  Ijyb (D:3)
  Terence (D:3)
  7 worker ants
  A hound skeleton (D:4)
  2 worker ant zombies
  Robin (D:4)
  16 adders
  8 shadow imps
  An ooze (D:3)
  2 worms
  7 leopard geckos
  51 orcs
  7 giant cockroaches
  25 goblins
  13 hobgoblins
  10 jackals
  6 quokkas
  7 ball pythons
  5 bats
  4 frilled lizards
  12 kobolds
  2 leopard gecko skeletons (D:5)
  4 rats
345 creatures vanquished.

Vanquished Creatures (collateral kills)
  3 dream sheep (Lair:3)
  A basilisk (Lair:3)
4 creatures vanquished.

Vanquished Creatures (others)
  An orc wizard (D:3)
  2 fungi (Lair:3)
  4 plants
7 creatures vanquished.

Grand Total: 356 creatures vanquished

Notes
Turn   | Place    | Note
-------+----------+-------------------------------------------
     0 | D:1      | vurker the Deep Dwarf Fighter began the quest for the Orb.
     0 | D:1      | Reached XP level 1. HP: 20/20 MP: 1/1
   121 | D:1      | Reached XP level 2. HP: 27/27 MP: 2/2
   146 | D:1      | You fall into a shaft and drop 1 floor!
   167 | D:2      | Reached skill level 3 in Axes
   190 | D:2      | Reached XP level 3. HP: 19/34 MP: 3/3
   398 | D:2      | Reached XP level 4. HP: 39/42 MP: 4/4
   568 | D:2      | Reached skill level 4 in Axes
  1521 | D:3      | Reached XP level 5. HP: 24/49 MP: 5/5
  1609 | D:3      | Noticed Grinder
  1636 | D:3      | Killed Grinder
  1636 | D:3      | Reached skill level 5 in Axes
  1636 | D:3      | Reached skill level 5 in Armour
  1636 | D:3      | Reached XP level 6. HP: 34/57 MP: 5/5
  1693 | D:3      | Noticed Jessica
  1708 | D:3      | Killed Jessica
  1716 | D:3      | Reached skill level 6 in Axes
  1728 | D:3      | Noticed Ijyb
  1734 | D:3      | Noticed Terence
  1746 | D:3      | Killed Terence
  1766 | D:3      | Killed Ijyb
  1766 | D:3      | Reached XP level 7. HP: 34/64 MP: 6/6
  2314 | D:3      | Found a runed translucent door.
  2315 | D:3      | Noticed Crazy Yiuf
  2655 | D:4      | Reached skill level 7 in Axes
  2806 | D:4      | Noticed Robin
  2813 | D:4      | Killed Robin
  2980 | D:4      | Reached skill level 5 in Fighting
  3192 | D:4      | Reached XP level 8. HP: 41/74 MP: 5/5
  3240 | D:4      | Reached skill level 8 in Axes
  3250 | D:4      | Got a crude copper ring
  3438 | D:5      | Entered Level 5 of the Dungeon
  3736 | D:5      | Found a white marble altar of Elyvilon.
  3742 | D:5      | Found a basalt altar of Yredelemnul.
  3743 | D:5      | Found a deep blue altar of Sif Muna.
  3744 | D:5      | Found an ornate altar of the Wu Jian Council.
  3744 | D:5      | Found a blossoming altar of Fedhas.
  3744 | D:5      | Found a sparkling altar of Nemelex Xobeh.
  3745 | D:5      | Found a shimmering altar of Xom.
  3746 | D:5      | Found a sacrificial altar of Ru.
  3748 | D:5      | Found a snail-covered altar of Cheibriados.
  3749 | D:5      | Found a shattered altar of Ashenzari.
  3786 | D:5      | Reached skill level 9 in Axes
  4776 | D:6      | Found a staircase to the Ecumenical Temple.
  4801 | Temple   | Entered the Ecumenical Temple
  5111 | D:6      | Reached skill level 10 in Axes
  5187 | D:6      | Gained mutation: You passively map the area around you.
                  | [Deep Dwarf growth]
  5187 | D:6      | Reached XP level 9. HP: 67/85 MP: 5/5
  5653 | D:7      | Noticed Prince Ribbit
  5672 | D:7      | Killed Prince Ribbit
  5803 | D:7      | Reached skill level 11 in Axes
  6241 | D:7      | Reached skill level 12 in Axes
  6436 | D:7      | Reached XP level 10. HP: 65/96 MP: 4/4
  6458 | D:7      | Found a burning altar of Makhleb.
  6586 | D:7      | Became a worshipper of Makhleb the Destroyer
  6629 | D:8      | Noticed Grum
  6952 | D:8      | Reached skill level 13 in Axes
  6981 | D:8      | Killed Grum
  7085 | D:8      | Reached * piety under Makhleb
  7540 | D:8      | Got a translucent spear
  7585 | D:8      | Found Ciwnic's Magic Scroll Shoppe.
  7594 | D:8      | Identified the ring "Gidwir" {Wiz rF+ rN++ SInv} (You found
                  | it on level 4 of the Dungeon)
  7699 | D:9      | Noticed Erolcha
  7718 | D:9      | Killed Erolcha
  7877 | D:9      | Reached skill level 14 in Axes
  7919 | D:9      | Found a staircase to the Lair.
  8342 | D:9      | Noticed Erica
  8348 | D:10     | Entered Level 10 of the Dungeon
  8502 | D:10     | Reached XP level 11. HP: 50/106 MP: 2/2
  8738 | D:10     | Reached ** piety under Makhleb
  8792 | D:10     | Noticed mhoghedin's ghost (novice DrIE)
  8805 | D:10     | Found a runed translucent door.
  9132 | D:11     | Reached skill level 1 in Evocations
  9156 | D:11     | Reached skill level 1 in Invocations
  9325 | D:11     | Noticed a white ugly thing
  9395 | D:9      | Killed Erica
  9442 | D:8      | Identified the cursed +2 spear "Unuqiugh" {pierce, *Drain
                  | rN+ MP+9 SInv} (You found it on level 8 of the Dungeon)
  9503 | Lair:1   | Entered Level 1 of the Lair of Beasts
  9674 | Lair:1   | Noticed a five-headed hydra
  9681 | Lair:1   | Killed a five-headed hydra
 10330 | Lair:1   | Reached skill level 15 in Axes
 10650 | Lair:2   | Noticed an oklob plant
 11222 | Lair:3   | Reached *** piety under Makhleb
 11321 | Lair:3   | Reached skill level 10 in Fighting
 11321 | Lair:3   | Reached XP level 12. HP: 51/116 MP: 6/6
 11351 | Lair:3   | Noticed a four-headed hydra
 11405 | Lair:3   | Noticed an eight-headed hydra
 11428 | Lair:3   | Found a hole to the Spider Nest.
 11444 | Lair:2   | HP: 4/116 [eight-headed hydra (7)]
 11444 | Lair:2   | Mangled by an eight-headed hydra

Levels and vault maps discovered:
D:1:      lemuel_arrival_rhombus, layout_basic, chequers_serial_rivers_large_a
D:2:      layout_rooms, first_ration, minmay_snake_closets
D:3:      layout_loops_corners, uniq_grinder, uniq_crazy_yiuf_cottage,
          uniq_terence, uniq_ijyb, uniq_jessica
D:4:      layout_loops_ring, serial_bayou_ford_a, uniq_robin
D:5:      layout_basic, minitemple, chequers_jeans
D:6:      layout_basic, minmay_temple_entry_sparse_star,
          minmay_fractal_squares_5
D:7:      layout_basic, kennysheep_little_box, grunt_livestock,
          uniq_prince_ribbit1
D:8:      layout_cave_pods, enter_bailey_2, serial_shops, shop, uniq_grum
D:9:      minmay_skewed_foursquare, layout_loops_ring, lair_entry_dummy,
          uniq_erica, uniq_erolcha
D:10:     layout_loops_ring, hellmonk_ghost_happy_afterlife,
          minmay_misc_feat_roman
D:11:     layout_basic, orc_0_dummy
Temple:   grunt_temple_mini_profane
Lair:1:   layout_gridlike, nicolae_quartered_pool_medium
Lair:2:   layout_small_grid, minmay_lair_oklob_chamber
Lair:3:   layout_chaotic_city, spider_nest_entry_funnel_web,
          portal_ice_cave_entry_ice_beasts

Skill      XL: |  1  2  3  4  5  6  7  8  9 10 11 |
---------------+----------------------------------+-----
Fighting       | 3 4 5 6 7 9 10 | 10.0
Axes           | 3 4 5 6 7 10 12 14 15 | 15.2
Armour         | 4 5 6 |  6.9
Evocations     | 4 |  4.8
Invocations    | 4 |  4.6
Shields        | 4 |  4.9

Action                   |  1- 3 |  4- 6 |  7- 9 | 10-12 || total
-------------------------+-------+-------+-------+-------++-------
Melee: War axe           |   120 |   196 |   519 |   637 ||  1472
       Spear             |       |       |       |     6 ||     6
 Abil: Heal Wounds       |     1 |     1 |    16 |    17 ||    35
Evoke: Wand              |       |       |       |    10 ||    10
  Use: Potion            |       |     2 |     2 |     3 ||     7
       Scroll            |       |       |     8 |    10 ||    18
 Stab: Invisible         |       |       |       |     2 ||     2
  Eat: Chunk             |       |     4 |    12 |    15 ||    31
       Ration            |       |       |     1 |     1 ||     2
Armor: Chain mail        |    75 |   111 |   185 |       ||   371
       Plate armour      |       |       |    27 |   283 ||   310
Dodge: Dodged            |    27 |    28 |    77 |   185 ||   317
Block: Shield            |    54 |    87 |   265 |   344 ||   750

Table legend:
 A = Non-vault XP
 B = Vault XP
 C = Vault XP percentage of total XP
 D = Non-vault monster count
 E = Vault monster count
 F = Vault count percentage of total count
                 A         B        C        D         E       F
            +---------+---------+-------+---------+---------+-------
      Total |   17901 |    4518 |  20.2 |     304 |      46 |  13.1
            +---------+---------+-------+---------+---------+-------
        D:1 |      28 |       0 |   0.0 |      18 |       0 |   0.0
        D:2 |      99 |      61 |  38.1 |      29 |       9 |  23.7
        D:3 |     254 |     404 |  61.4 |      35 |       4 |  10.3
        D:4 |     792 |      38 |   4.6 |      22 |      13 |  37.1
        D:5 |     356 |       0 |   0.0 |      13 |       0 |   0.0
        D:6 |     803 |     264 |  24.7 |      28 |       6 |  17.6
        D:7 |    1458 |    1278 |  46.7 |      31 |       6 |  16.2
        D:8 |    2067 |     410 |  16.6 |      26 |       3 |  10.3
        D:9 |    1340 |    2063 |  60.6 |      22 |       5 |  18.5
       D:10 |    1327 |       0 |   0.0 |      23 |       0 |   0.0
       D:11 |    2251 |       0 |   0.0 |      23 |       0 |   0.0
     Lair:1 |    2736 |       0 |   0.0 |      11 |       0 |   0.0
     Lair:2 |    1722 |       0 |   0.0 |      10 |       0 |   0.0
     Lair:3 |    2668 |       0 |   0.0 |      13 |       0 |   0.0
            +---------+---------+-------+---------+---------+-------
